 Dungeon Crawl Stone Soup version 0.25.0-33-gff14898491 (webtiles) character file.

Game seed: 14043602694029747296

28060 protoss039 the Thaumaturge (level 13, -14/83 HPs)
             Began as a Deep Elf Earth Elementalist on July 6, 2020.
             Was a High Priest of Vehumet.
             Shot with a bolt by a yaktaur captain (40 damage)
             ... on level 12 of the Dungeon.
             The game lasted 01:36:02 (17397 turns).

protoss039 the Thaumaturge (DEEE)                  Turns: 17397, Time: 01:36:02

Health: -14/83     AC: 24    Str:  8    XL:     13   Next: 7%
Magic:  12/31      EV: 14    Int: 22    God:    Vehumet [*****.]
Gold:   868        SH:  5    Dex: 26    Spells: 7/36 levels left

rFire    + . .     SeeInvis .   I - +5 quarterstaff "Ryduysad" {vorpal, Str+3 Dex+4}
rCold    . . .     Gourm    .   (shield currently unavailable)
rNeg     . . .     Faith    .   x - +0 leather armour
rPois    +         Spirit   .   e - +2 helmet
rElec    .         Reflect  +   D - +1 cloak {MR+}
rCorr    .         Harm     .   c - +2 pair of gloves of Impermeability {rPois Int-4 Dex+7}
MR       ++...                  (no boots)
Stlth    +++.......             G - amulet of reflection
HPRegen  0.23/turn              p - ring of protection from fire
MPRegen  0.22/turn              L - +4 ring of protection

@: icy armour
A: no striking features
a: Renounce Religion


You were on level 12 of the Dungeon.
You worshipped Vehumet.
Vehumet was extremely pleased with you.
You were hungry.

You visited 2 branches of the dungeon, and saw 15 of its levels.
You also visited: Bailey.

You collected 1075 gold pieces.
You spent 207 gold pieces at shops.

Inventory:

Hand Weapons
 I - the +5 quarterstaff "Ryduysad" (weapon) {vorpal, Str+3 Dex+4}
   (You found it on level 10 of the Dungeon)

   It inflicts extra damage upon your enemies.
   It affects your strength (+3).
   It affects your dexterity (+4).
 J - a +1 dagger of venom
Missiles
 b - 133 stones (quivered)
Armour
 c - the +2 pair of gloves of Impermeability (worn) {rPois Int-4 Dex+7}
   (You found it on level 5 of the Dungeon)

   It affects your intelligence (-4).
   It affects your dexterity (+7).
   It protects you from poison.
 e - a +2 helmet (worn)
 x - a +0 leather armour (worn)
 A - a +2 ring mail of cold resistance
 B - the +9 chain mail of Ferocious Leaves {rC++}
   (You found it on level 9 of the Dungeon)

   It greatly protects you from cold.
 D - a +1 cloak of magic resistance (worn)
Magical Staves
 F - an uncursed staff of conjuration
Jewellery
 j - an uncursed amulet of regeneration
 p - a ring of protection from fire (left hand)
 G - an amulet of reflection (around neck)
 L - a +4 ring of protection (right hand)
 N - a +4 ring of evasion
 V - an uncursed ring of wizardry {unknown}
Wands
 a - a wand of disintegration (16)
 g - a wand of flame (29)
 u - a wand of iceblast (19)
 E - a wand of paralysis (5)
 K - a wand of clouds (4)
 M - a wand of digging (8)
Scrolls
 l - a scroll of amnesia
 m - a scroll of brand weapon {unknown}
 o - 2 scrolls of enchant armour
 q - 2 scrolls of immolation
 r - a scroll of magic mapping
 s - 3 scrolls of teleportation
 t - 2 scrolls of fog
 w - 3 scrolls of remove curse
 y - 6 scrolls of identify
 z - a scroll of fear
 C - 5 scrolls of blinking
 S - a scroll of silence {unknown}
 T - a scroll of summoning
 U - a scroll of torment {unknown}
Potions
 f - 2 potions of curing
 h - a potion of might
 i - 2 potions of flight
 k - 3 potions of stabbing
 n - 3 potions of ambrosia
 v - 5 potions of heal wounds
 H - a potion of haste
 O - 2 potions of berserk rage {unknown}
 P - 3 potions of resistance {unknown}
 Q - a potion of experience {unknown}
 R - a potion of invisibility {unknown}
 X - a potion of cancellation {unknown}
Comestibles
 d - 27 rations


   Skills:
 * Level 10.4 Fighting
 - Level 2.0 Short Blades
 + Level 7.9 Staves
 - Level 5.0 Armour
 - Level 3.0 Dodging
 - Level 3.0 Stealth
 - Level 12.0 Spellcasting
 - Level 4.0 Conjurations
 - Level 5.0 Charms
 - Level 2.0 Summonings
 - Level 1.1 Transmutations
 - Level 8.0 Ice Magic
 - Level 10.0 Earth Magic


You had 7 spell levels left.
You knew the following spells:

 Your Spells              Type           Power        Failure   Level  Hunger
a - Sandblast             Erth           ######       1%          1    None
b - Passwall              Tmut/Erth      #####...     1%          2    None
c - Stone Arrow           Conj/Erth      #####.       1%          3    None
d - Petrify               Tmut/Erth      #####...     7%          4    None
e - Lee's Rapid Deconstr  Erth           ######....   1%          5    ####...
f - Ozocubu's Armour      Chrm/Ice       #####...     1%          3    None
g - Frozen Ramparts       Ice            #####.       1%          3    None
h - Hailstorm             Conj/Ice       #####...     1%          4    None
i - Summon Ice Beast      Ice/Summ       #####...     9%          4    None

Your spell library contained the following spells:

 Spells                   Type           Power        Failure   Level  Hunger
 Airstrike                Air            ##........   17%         4    None
 Freeze                   Ice            ####         1%          1    None
 Summon Small Mammal      Summ           ###.         3%          1    None
 Animate Skeleton         Necr           N/A          7%          1    None
 Apportation              Tloc           ##....       7%          1    None
 Corona                   Hex            ##.....      7%          1    None


Dungeon Overview and Level Annotations

Branches:
Dungeon (14/15)            Temple (1/1) D:5            Lair (0/6) D:8
    Orc (0/2) D:10         Vaults (0/5) D:13         Bailey (visited)

Altars:
Ashenzari
Cheibriados
Dithmenos
Elyvilon
Fedhas
Gozag
Hepliaklqana
Kikubaaqudgha
Makhleb
Nemelex Xobeh
Okawaru
Qazlal
Ru
Sif Muna
Trog
Uskayaw
Vehumet
Wu Jian
Xom
Yredelemnul
Zin
The Shining One

Shops:
D:4 *[   D:8 ?   D:9 !   D:11 %

Annotations:
D:3 1 exclusion
D:5 2 exclusions
D:7 1 exclusion, Harold
D:8 2 exclusions
D:10 3 runed translucent doors, exclusion: 3 doors, Bvern's ghost, novice DEFE; CollectiveS's ghost, novice DsIE; Jaiteiro's ghost, journeyman GnFi; MisterFreud's ghost, novice DsAK; xccam's ghost, journeyman HaHu
D:12 2 transporters, Zaud's ghost, journeyman KoAs


Message History

Unknown command.
Unknown command.
You feel better.
Unknown command.
Unknown command.
Unknown command.
Casting: Sandblast (safe; 1% risk of failure)
Confirm with . or Enter, or press ? or * to list all spells.
Aiming: Sandblast (safe; 1% risk of failure)
Press: ? - help, Shift-Dir - straight line, f/p - yaktaur captain
Aim: a yaktaur captain, wielding a +0 arbalest and quivering 9 bolts (almost dead)
The blast of sand hits the yaktaur captain.
The yaktaur captain is almost dead.
b - 133 stones The yaktaur captain shoots a bolt.
The bolt hits you!
* * * LOW HITPOINT WARNING * * *
Unknown command.
Unknown command.
You feel better.
The yaktaur captain shoots a bolt.
The bolt hits you!!!
You die...

................
................
................
................
............$...
.....c......$...
#..(......# ##
#..@..# .#
##(..## .##
##...## ..#
#.....# ..#
##...## ..#
##.## ..#
######.### ..#
#.#......# ###
#........#


You could see a yaktaur captain.

Vanquished Creatures
  Snorg (D:10)
  A vault guard (D:13)
  A centaur warrior (D:13)
  2 two-headed ogres
  Nergalle (D:12)
  2 unseen horrors (D:12)
  3 wizards (D:13)
  A flayed ghost (D:12)
  A deep elf archer (D:13)
  2 orc knights (Bailey)
  A necromancer (D:13)
  An ugly thing (D:12)
  A deep elf mage (D:12)
  A cyclops (D:9)
  2 manticores
  An elephant (D:8)
  Maurice (D:8)
  A centaur skeleton (D:13)
  A gargoyle (D:10)
  A kobold demonologist (D:8)
  4 slime creatures
  A hornet (D:12)
  Grinder (D:6)
  Prince Ribbit (D:8)
  4 hippogriffs
  Sigmund (D:2)
  A spriggan (D:7)
  2 shadows
  A vampire (D:13)
  Eustachio (D:6)
  8 yaks
  2 wraiths
  Grum (D:8)
  19 humans (D:13)
  A basilisk (D:8)
  4 vampire mosquitoes (D:13)
  2 phantoms
  An eye of draining (D:13)
  11 orc warriors
  A sky beast (D:12)
  2 ice beasts
  4 ogres
  2 black bears
  3 wolves (D:8)
  A crocodile (D:8)
  7 centaurs
  10 big kobolds
  11 bullfrogs
  4 scorpions
  6 killer bees (D:10)
  A water moccasin skeleton (D:5)
  A wight (D:12)
  5 electric eels
  A howler monkey (D:4)
  2 centaur zombies (D:9)
  4 crimson imps
  3 bullfrog zombies
  2 jellies
  8 hounds
  2 bullfrog skeletons
  10 orc priests
  5 orc wizards
  2 iguanas
  8 worker ants
  A hound skeleton (D:10)
  8 gnolls
  10 adders
  2 shadow imps
  A white imp (D:4)
  7 dart slugs (D:7)
  6 leopard geckos
  68 orcs
  8 bats
  2 giant cockroaches
  7 goblins
  7 hobgoblins
  4 jackals
  2 quokkas
  3 ball pythons
  2 frilled lizards
  A jackal skeleton (D:7)
  36 kobolds
  A quokka zombie (D:5)
  5 rats
378 creatures vanquished.

Vanquished Creatures (collateral kills)
  An orc knight (Bailey)
  An ugly thing (D:13)
  A manticore (D:12)
  A slime creature (D:13)
  An orc warrior (Bailey)
  5 orcs (Bailey)
10 creatures vanquished.

Grand Total: 388 creatures vanquished

Notes
Turn   | Place    | Note
-------+----------+-------------------------------------------
     0 | D:1      | protoss039 the Deep Elf Earth Elementalist began the quest
                  | for the Orb.
     0 | D:1      | Reached XP level 1. HP: 10/10 MP: 6/6
     6 | D:1      | Upgraded the game from 0.25.0-26-g0c896c7088 to
                  | 0.25.0-33-gff14898491
   249 | D:1      | Reached XP level 2. HP: 15/15 MP: 6/8
   890 | D:1      | Learned a level 2 spell: Passwall
  1193 | D:2      | Reached XP level 3. HP: 19/19 MP: 10/10
  1482 | D:2      | Noticed Sigmund
  1490 | D:2      | Learned a level 3 spell: Stone Arrow
  1530 | D:2      | Killed Sigmund
  1530 | D:2      | Reached skill level 5 in Spellcasting
  1530 | D:2      | Reached XP level 4. HP: 11/24 MP: 2/13
  1530 | D:2      | Reached XP level 5. HP: 13/28 MP: 2/14
  2203 | D:3      | Reached skill level 1 in Short Blades
  2325 | D:3      | Reached skill level 6 in Spellcasting
  2325 | D:3      | Reached skill level 5 in Earth Magic
  2325 | D:3      | Reached XP level 6. HP: 27/33 MP: 3/17
  2970 | D:3      | Learned a level 4 spell: Petrify
  2976 | D:3      | Learned a level 5 spell: Lee's Rapid Deconstruction
  2977 | D:4      | Found Fuppuo's Armour Shoppe.
  3410 | D:4      | Found Hekaipso's General Store.
  3577 | D:4      | Reached skill level 1 in Conjurations
  3840 | D:4      | Reached XP level 7. HP: 37/37 MP: 0/18
  4135 | D:5      | Entered Level 5 of the Dungeon
  4193 | D:5      | Reached skill level 1 in Armour
  4264 | D:5      | Got a pair of masterwork gloves
  4275 | D:5      | Identified the +2 pair of gloves of Impermeability {rPois
                  | Int-4 Dex+7} (You found it on level 5 of the Dungeon)
  4315 | D:5      | Reached skill level 7 in Spellcasting
  4637 | D:5      | Found an ancient bone altar of Kikubaaqudgha.
  4637 | D:5      | Found a white marble altar of Elyvilon.
  4762 | D:5      | Found a staircase to the Ecumenical Temple.
  4930 | Temple   | Entered the Ecumenical Temple
  4944 | Temple   | Became a worshipper of Vehumet
  5266 | D:6      | Noticed Grinder
  5268 | D:6      | Paralysed by Grinder for 6 turns
  5301 | D:6      | Noticed Eustachio
  5398 | D:6      | Killed Grinder
  5398 | D:6      | Reached skill level 8 in Spellcasting
  5398 | D:6      | Reached XP level 8. HP: 27/42 MP: 5/22
  5956 | D:6      | Killed Eustachio
  6350 | D:7      | Found a sacrificial altar of Ru.
  6647 | D:7      | Noticed Harold
  6808 | D:7      | Reached skill level 9 in Spellcasting
  8008 | D:8      | Reached XP level 9. HP: 46/46 MP: 24/24
  8081 | D:8      | Noticed Maurice
  8228 | D:8      | Reached * piety under Vehumet
  8228 | D:8      | Offered knowledge of Magic Dart by Vehumet.
  8236 | D:8      | Reached skill level 10 in Spellcasting
  8334 | D:8      | Noticed an elephant
  8688 | D:8      | Killed an elephant
  8688 | D:8      | Reached skill level 1 in Fighting
  8688 | D:8      | Reached skill level 11 in Spellcasting
  8830 | D:8      | Noticed Grum
  8886 | D:8      | Killed Grum
  9121 | D:8      | Found a staircase to the Lair.
  9255 | D:8      | Found Plog's Magic Scroll Emporium.
  9262 | D:8      | Bought a scroll of blinking for 97 gold pieces
  9262 | D:8      | Bought a scroll of noise for 13 gold pieces
  9262 | D:8      | Bought a scroll of blinking for 97 gold pieces
  9379 | D:8      | Noticed a kobold demonologist
  9387 | D:8      | Reached XP level 10. HP: 52/52 MP: 21/27
  9394 | D:8      | Reached skill level 12 in Spellcasting
  9498 | D:8      | Reached skill level 10 in Earth Magic
  9507 | D:8      | Offered knowledge of Foxfire by Vehumet.
  9519 | D:8      | Learned a level 3 spell: Ozocubu's Armour
  9523 | D:8      | Learned a level 3 spell: Frozen Ramparts
  9544 | D:8      | Reached ** piety under Vehumet
  9564 | D:8      | Reached skill level 1 in Ice Magic
  9753 | D:8      | Noticed Prince Ribbit
  9758 | D:8      | Killed Prince Ribbit
 10100 | D:8      | Killed Maurice
 10254 | D:9      | Noticed a two-headed ogre
 10383 | D:9      | Noticed a cyclops
 10398 | D:9      | Killed a cyclops
 10481 | D:9      | Reached skill level 5 in Ice Magic
 10824 | D:9      | Got an ichor-stained chain mail
 10845 | D:9      | Found a snail-covered altar of Cheibriados.
 10989 | D:9      | Found a hazy altar of Hepliaklqana.
 10992 | D:9      | Found a sacrificial altar of Ru.
 10995 | D:9      | Found a hide-covered altar of Uskayaw.
 11010 | D:9      | Killed a two-headed ogre
 11010 | D:9      | Offered knowledge of Ignite Poison by Vehumet.
 11091 | D:9      | Found Xapn's Distillery.
 11205 | D:9      | Identified the +9 chain mail of Ferocious Leaves {rC++}
                  | (You found it on level 9 of the Dungeon)
 11216 | D:10     | Entered Level 10 of the Dungeon
 11218 | D:10     | Reached skill level 5 in Fighting
 11228 | D:10     | Found a runed translucent gate.
 11228 | D:10     | Found a runed translucent gate.
 11228 | D:10     | Found a runed translucent gate.
 11229 | D:10     | Noticed CollectiveS's ghost (novice DsIE)
 11230 | D:10     | Noticed MisterFreud's ghost (novice DsAK)
 11230 | D:10     | Noticed xccam's ghost (journeyman HaHu)
 11230 | D:10     | Noticed Jaiteiro's ghost (journeyman GnFi)
 11230 | D:10     | Noticed Bvern's ghost (novice DEFE)
 11271 | D:10     | Noticed Snorg
 11285 | D:10     | Killed Snorg
 11285 | D:10     | Reached XP level 11. HP: 58/64 MP: 3/29
 11295 | D:10     | Got a jewelled quarterstaff
 11296 | D:10     | Identified the +5 quarterstaff "Ryduysad" {vorpal, Str+3
                  | Dex+4} (You found it on level 10 of the Dungeon)
 11657 | D:10     | Reached *** piety under Vehumet
 12350 | D:10     | Found a staircase to the Orcish Mines.
 12562 | D:10     | Learned a level 4 spell: Hailstorm
 12567 | D:10     | Learned a level 4 spell: Summon Ice Beast
 12601 | D:11     | Found Jojis's Food Shop.
 12623 | D:11     | Noticed a two-headed ogre
 12628 | D:11     | Killed a two-headed ogre
 12628 | D:11     | Offered knowledge of Sticky Flame by Vehumet.
 12628 | D:11     | Reached skill level 5 in Armour
 12926 | D:11     | You fall into a shaft and drop 2 floors!
 12942 | D:13     | Found a shadowy altar of Dithmenos.
 12953 | D:13     | Noticed a red ugly thing
 12971 | D:13     | Killed a cyan ugly thing
 13015 | D:13     | Reached skill level 1 in Summonings
 13214 | D:12     | Found a flagged portal.
 13237 | Bailey   | Entered a bailey
 13269 | Bailey   | Reached **** piety under Vehumet
 13396 | Bailey   | Offered knowledge of Iskenderun's Battlesphere by Vehumet.
 13545 | Bailey   | Noticed an orc knight
 13546 | Bailey   | Noticed an orc knight
 13576 | Bailey   | Killed an orc knight
 13576 | Bailey   | Reached skill level 5 in Charms
 13579 | Bailey   | Killed an orc knight
 13579 | Bailey   | Reached skill level 1 in Staves
 13700 | Bailey   | Noticed an orc knight
 13701 | Bailey   | Noticed an orc knight
 13755 | Bailey   | Killed an orc knight
 13892 | Bailey   | Noticed an orc knight
 13901 | Bailey   | Noticed an orc knight
 13904 | Bailey   | Noticed an orc knight
 14090 | D:12     | Killed an unseen horror
 14486 | D:12     | Found a transporter.
 14487 | D:12     | Noticed Zaud's ghost (journeyman KoAs)
 14488 | D:12     | Noticed a necromancer
 14488 | D:12     | Noticed a skeletal warrior
 14502 | D:12     | Found a transporter.
 14623 | D:12     | Noticed Nergalle
 14640 | D:12     | Killed Nergalle
 14640 | D:12     | Reached XP level 12. HP: 48/74 MP: 0/30
 15388 | D:11     | You fall into a shaft and drop 3 floors!
 15604 | D:13     | Reached ***** piety under Vehumet
 15610 | D:13     | Offered knowledge of Airstrike by Vehumet.
 15756 | D:13     | Noticed a centaur warrior
 15763 | D:13     | Killed a centaur warrior
 15991 | D:13     | Reached skill level 5 in Staves
 16411 | D:13     | Reached skill level 10 in Fighting
 16428 | D:13     | Noticed a vault guard
 16432 | D:13     | Killed a vault guard
 16655 | D:13     | Found a gate to the Vaults.
 16945 | D:12     | Reached XP level 13. HP: 69/83 MP: 8/31
 17397 | D:12     | Shot with a bolt by a yaktaur captain

Illustrated notes

Levels and vault maps discovered:
D:1:      ncdulo_watergridlock, layout_basic
D:2:      layout_basic, first_ration, serial_glass, glass_columns_b,
          glass_columns_a, glass_columns_a, glass_columns_b, glass_columns_a,
          glass_columns_c, guppyfry_early_lair_pool, uniq_sigmund
D:3:      cheibrodos_thug_alley, layout_basic, minivault_11
D:4:      layout_loops_ring, serial_shops, kennysheep_mini_moat, shop,
          minmay_fire_ice_demons
D:5:      layout_gridville, amethyst_overflow_temple_binary, temple_hall
D:6:      layout_rooms, nicolae_water_bricks, uniq_eustachio, uniq_grinder
D:7:      kennysheep_slugbush, layout_basic, the_bakery,
          nicolae_ru_awakened_eye, uniq_harold
D:8:      layout_basic, david_lair_generic, serial_shops,
          nicolae_shop_waterfront, special_room [special_room_kobold],
          uniq_grum, uniq_prince_ribbit1, uniq_maurice
D:9:      layout_cave_pools, old_standard_altar, grunt_temple_overflow_diamond,
          serial_shops, shop
D:10:     layout_cave_pools, david_orc_4, gammafunk_ghost_cemetery, uniq_snorg
D:11:     layout_irregular_city, serial_shops, shop
D:12:     thingy_vault, layout_basic, enter_bailey_2, gammafunk_ghost_mausoleum,
          minmay_misc_feat_columns, chequers_hall_statues_wall_a, minivault_14,
          uniq_nergalle
D:13:     layout_loops_corners, grunt_vaults_entry_tiered, basic_altar
D:14:     layout_basic, minmay_misc_feat_roman, gauntlet_entry_generic
Temple:   lightli_temple_of_artemis

Skill      XL: |  1  2  3  4  5  6  7  8  9 10 11 12 |
---------------+-------------------------------------+-----
Earth Magic    | 4 5 6 8 9 10 | 10.0
Dodging        | 3 |  3.0
Stealth        | 3 |  3.0
Spellcasting   | 5 6 8 9 11 12 | 12.0
Short Blades   | 1 2 |  2.0
Conjurations   | 2 3 4 |  4.0
Armour         | 2 3 4 5 |  5.0
Fighting       | 1 5 8 10 | 10.4
Ice Magic      | 6 8 |  8.0
Charms         | 5 |  5.0
Summonings     | 2 |  2.0
Staves         | 2 7 |  7.9
Transmutations | |  1.1

Action                   |  1- 3 |  4- 6 |  7- 9 | 10-12 | 13-15 || total
-------------------------+-------+-------+-------+-------+-------++-------
Melee: Unarmed           |     3 |       |       |       |       ||     3
       Dagger            |    14 |    33 |    31 |     3 |       ||    81
       Quarterstaff      |       |       |       |   159 |       ||   159
 Cast: Sandblast         |    30 |    25 |   111 |   176 |    16 ||   358
       Stone Arrow       |     1 |    30 |    64 |   129 |     8 ||   232
       Lee's Rapid Decon |       |       |     3 |    79 |     3 ||    85
       Petrify           |       |       |       |     5 |       ||     5
       Summon Ice Beast  |       |       |       |    22 |     4 ||    26
       Ozocubu's Armour  |       |       |       |    13 |     1 ||    14
       Frozen Ramparts   |       |       |       |     5 |     1 ||     6
       Hailstorm         |       |       |       |     1 |     1 ||     2
Evoke: Wand              |       |       |       |     4 |       ||     4
  Use: Potion            |     1 |       |       |     6 |     2 ||     9
       Scroll            |       |       |    16 |     5 |       ||    21
 Stab: Sleeping          |     3 |     2 |     7 |     2 |       ||    14
  Eat: Chunk             |     1 |     8 |    17 |    25 |     2 ||    53
       Ration            |       |       |       |     3 |       ||     3
Armor: Robe              |    13 |    12 |       |       |       ||    25
       Leather armour    |       |     2 |    26 |   136 |       ||   164
       Skin              |       |       |       |     1 |       ||     1
Dodge: Dodged            |    28 |    30 |    50 |   165 |     2 ||   275
Block: Other             |       |       |       |    26 |     1 ||    27
       Reflection        |       |       |       |     3 |     1 ||     4
